 Dungeon Crawl Stone Soup version 0.30-a0-141-g30f27751c5 (webtiles) character file.

Game seed: 13410669243512414184

199 qw the Chopper (level 5, -7/33 HPs)
             Began as a Gargoyle Fighter on Sept 25, 2022.
             Mangled by an ogre
             ... wielding a +0 giant spiked club
              (14 damage)
             ... on level 4 of the Dungeon.
             The game lasted 00:01:09 (3194 turns).

qw the Chopper (Gargoyle Fighter)                   Turns: 3194, Time: 00:01:09

Health: -7/33      AC: 17    Str: 22    XL:     5   Next: 77%
Magic:  5/5        EV:  7    Int:  8    God:
Gold:   199        SH:  4    Dex:  9    Spells: 4/4 levels left

rFire   . . .      SeeInvis .    Y - +0 war axe
rCold   . . .      Faith    .    c - +0 buckler
rNeg    + . .      Spirit   .    g - +0 chain mail
rPois   inf        Reflect  .    f - +0 helmet
rElec   +          Harm     .    (no cloak)
rCorr   .          Rampage  .    n - +1 pair of gloves
Will    .....                    o - +0 pair of boots
Stlth   ..........               (no amulet)
HPRegen 0.11/turn                (no ring)
MPRegen 0.09/turn                (no ring)

@: about to teleport
A: sickness immunity, AC +4, negative energy resistance 1, electricity
resistance, torment resistance 1, petrification resistance
a: no special abilities


You were on level 4 of the Dungeon.
You visited 1 branch of the dungeon, and saw 4 of its levels.

You collected 199 gold pieces.


Innate Abilities, Weirdness & Mutations

You are immune to sickness and miasma.
Your stone body is resilient. (AC +4)
You are immune to poison.
You resist negative energy. (rN+)
You are resistant to electric shocks. (rElec)
You are resistant to unholy torment.
You are immune to petrification.


   Skills:
 + Level 3.9 Fighting
 - Level 5.0 Axes
 - Level 3.2 Armour
 - Level 3.2 Shields


You had 4 spell levels left.
You didn't know any spells.
Your spell library was empty.

Inventory:

Hand Weapons
 k - a +0 flail
 Y - a +0 war axe (weapon)
Armour
 c - a +0 buckler (worn)
 f - a +0 helmet (worn)
 g - a +0 chain mail (worn)
 n - a +1 pair of gloves (worn)
 o - a +0 pair of boots (worn)
Scrolls
 a - 3 scrolls of teleportation
 b - 2 scrolls of identify
Potions
 d - a potion of might
 e - a potion of degeneration {unknown}
 h - a potion of curing {unknown}
 i - a potion of magic {unknown}
 j - a potion of brilliance {unknown}
 q - a potion of heal wounds {unknown}

Dungeon Overview and Level Annotations

Branches:
Dungeon (4/15)
 Temple: D:4-7

Altars:
Uskayaw
Vehumet
Xom


Message History

You block the adder's attack.
You miss the adder.
The adder is almost dead.
The adder bites you but does no damage. x2
You miss the adder.
The adder is almost dead.
The adder barely misses you. You block the adder's attack.
You hit the adder.
You kill the adder!
You start resting.
HP restored.
You now have 199 gold pieces (gained 6).
Things that are here:
a +0 club; an adder corpse; a goblin corpse A dart slug comes into view.
The dart slug launches a dart at you. The slug dart misses you.
You block the dart slug's attack.
You hit the dart slug.
The dart slug is lightly wounded.
The dart slug barely misses you.
You hit the dart slug.
The dart slug is severely wounded.
The dart slug bites you but does no damage.
You slash the dart slug!
You kill the dart slug!
An ogre comes into view. It is wielding a +0 giant spiked club.
The ogre shouts!
Enter note: You slash the ogre!
The ogre is heavily wounded.
The ogre hits you with a +0 giant spiked club!!
Ouch! That really hurt!
3193 ||| READING 4 scrolls of teleportation.
As you read the scroll of teleportation, it crumbles to dust.
You feel strangely unstable.
You hit the ogre but do no damage.
The ogre is heavily wounded.
The ogre hits you with a +0 giant spiked club!
You die...

#.#...# #[...
#....#.#...# #.#.#
#.#.##.#..%# #.#..
#.#.##.#...# #.#..
#.#.##.#...# #.#..
.#####.#.##.#...# #.#.#
.........##.#...# #....
.........##.#...####.###
......O@...........)....
........###.########...#
........# #.............
........# #.########...#
........# #.# #...#
######+## #.# #...# #.#
#...# #.# #...# #...#


You could see an ogre.

Vanquished Creatures
  An orc priest (D:3)
  9 adders
  3 worms
  2 dart slugs
  5 orcs
  4 ball pythons
  8 endoplasms
  A giant cockroach (D:3)
  6 goblins
  A hobgoblin (D:2)
  8 jackals
  4 quokkas
  8 bats
  6 frilled lizards
  5 kobolds
  3 rats
74 creatures vanquished.

Notes
Turn   | Place    | Note
-------+----------+-------------------------------------------
     0 | D:1      | qw the Gargoyle Fighter began the quest for the Orb.
     0 | D:1      | Reached XP level 1. HP: 14/14 MP: 1/1
     0 | D:1      | 0 ||| qw: Version: 0.2-a-10-g399e6c4
     0 | D:1      | 0 ||| qw: Game counter: 309
     0 | D:1      | 0 ||| qw: Always use a shield: true
     0 | D:1      | 0 ||| qw: God list: Okawaru
     0 | D:1      | 0 ||| qw: Allow faded altars: false
     0 | D:1      | 0 ||| qw: Do Orc after D:15 true
     0 | D:1      | 0 ||| qw: Do second Lair branch before Depths: true
     0 | D:1      | 0 ||| qw: Lair rune preference: random
     0 | D:1      | 0 ||| qw: Plans: Normal, Zot:1-4, God:TSO, Crypt, Tomb,
                  | Pan, Slime:5, Hells, Abyss, Orb
     0 | D:1      | 0 ||| PLANNING D:1-11
    56 | D:1      | Reached skill level 2 in Axes
   139 | D:1      | Reached XP level 2. HP: 6/19 MP: 2/2
   413 | D:1      | 413 ||| Stepping ~*~*~tactically~*~*~ (stealth).
   421 | D:1      | 421 ||| Stepping ~*~*~tactically~*~*~ (stealth).
   421 | D:1      | Found a faded altar of an unknown god.
   737 | D:1      | Reached skill level 3 in Axes
   739 | D:1      | Reached XP level 3. HP: 11/23 MP: 3/3
  1067 | D:1      | 1067 ||| UPGRADING to +0 helmet.
  1072 | D:1      | 1072 ||| READING scroll labelled PYHEOC MOR NAF.
  1073 | D:1      | 1073 ||| READING scroll labelled KIOHAI ISAPY.
  1074 | D:1      | 1074 ||| READING scroll labelled FIYQURRO GUMN.
  1146 | D:2      | 1146 ||| Stepping ~*~*~tactically~*~*~ (stealth).
  1150 | D:2      | 1150 ||| Stepping ~*~*~tactically~*~*~ (stealth).
  1165 | D:2      | Reached XP level 4. HP: 22/28 MP: 4/4
  1263 | D:2      | Reached skill level 4 in Axes
  1630 | D:2      | 1630 ||| Stepping ~*~*~tactically~*~*~ (hiding).
  1631 | D:2      | 1631 ||| Stepping ~*~*~tactically~*~*~ (hiding).
  1936 | D:2      | 1936 ||| UPGRADING to +0 chain mail.
  1946 | D:2      | 1946 ||| DROPPING +0 scale mail.
  1947 | D:2      | 1947 ||| UPGRADING to +1 pair of gloves.
  1952 | D:2      | 1952 ||| UPGRADING to +0 pair of boots.
  1957 | D:2      | 1957 ||| READING scroll labelled BUADOTUIQE.
  1958 | D:2      | 1958 ||| READING scroll labelled WISTRA IWKIASKO.
  1959 | D:2      | 1959 ||| READING scroll labelled PISAGI EDYWKI.
  1960 | D:2      | 1960 ||| READING scroll labelled TIOQUO ASME.
  1961 | D:2      | 1961 ||| READING scroll labelled HOAL NEPHUET.
  2066 | D:3      | Found a hide-covered altar of Uskayaw.
  2103 | D:3      | 2103 ||| Stepping ~*~*~tactically~*~*~ (stealth).
  2105 | D:3      | 2105 ||| Stepping ~*~*~tactically~*~*~ (stealth).
  2125 | D:3      | 2125 ||| Stepping ~*~*~tactically~*~*~ (hiding).
  2138 | D:3      | Reached XP level 5. HP: 15/32 MP: 5/5
  2242 | D:3      | 2242 ||| Stepping ~*~*~tactically~*~*~ (stealth).
  2412 | D:3      | 2412 ||| Stepping ~*~*~tactically~*~*~ (hiding).
  2414 | D:3      | Paralysed by an orc for 3 turns
  2420 | D:3      | Reached skill level 5 in Axes
  2522 | D:3      | 2522 ||| DROPPING +0 whip.
  2725 | D:3      | Found a radiant altar of Vehumet.
  3064 | D:4      | Found a shimmering altar of Xom.
  3072 | D:4      | Identified the +2 robe of Fedhas's Whim {*Slow +Blink Str-3
                  | Int+9}
  3122 | D:4      | 3122 ||| Stepping ~*~*~tactically~*~*~ (stealth).
  3123 | D:4      | 3123 ||| Stepping ~*~*~tactically~*~*~ (stealth).
  3186 | D:4      | Noticed an ogre
  3192 | D:4      | HP: 7/33 [ogre/+0 giant spiked club (26)]
  3193 | D:4      | 3193 ||| READING 4 scrolls of teleportation.
  3194 | D:4      | Mangled by an ogre

Levels and vault maps discovered:
D:1:      eino_arrival_cavern_e, layout_basic,
          shapermc_ecumenical_altar_rom_forum
D:2:      layout_loops_ring, minmay_vboxes
D:3:      layout_basic, lemuel_doored_altar, nicolae_uskayaw_dance_hall
D:4:      layout_basic, mainiacjoe_overflow_cross_hatched, marbit_many_paths,
          amcnicky_mini_rare_corridor_liquid, minmay_checkerbox

Skill      XL: |  1  2  3  4  5 |
---------------+----------------+-----
Axes           | 2 3 4 5 |  5.0
Fighting       | |  3.9
Armour         | |  3.2
Shields        | |  3.2

Action                   |  1- 3 |  4- 6 || total
-------------------------+-------+-------++-------
Melee: War axe           |    96 |   140 ||   236
  Use: Scroll            |     3 |     6 ||     9
Armor: Scale mail        |    91 |    22 ||   113
       Chain mail        |       |    65 ||    65
Dodge: Dodged            |    79 |    48 ||   127
Block: Buckler           |    31 |    29 ||    60

Table legend:
 A = Non-vault XP
 B = Vault XP
 C = Vault XP percentage of total XP
 D = Non-vault monster count
 E = Vault monster count
 F = Vault count percentage of total count
                 A         B        C        D         E       F
            +---------+---------+-------+---------+---------+-------
      Total |     252 |      33 |  11.6 |      69 |       5 |   6.8
            +---------+---------+-------+---------+---------+-------
        D:1 |      38 |       0 |   0.0 |      26 |       0 |   0.0
        D:2 |      52 |      33 |  38.8 |      14 |       5 |  26.3
        D:3 |     120 |       0 |   0.0 |      16 |       0 |   0.0
        D:4 |      42 |       0 |   0.0 |      13 |       0 |   0.0
            +---------+---------+-------+---------+---------+-------
